 Dungeon Crawl Stone Soup version 0.29-a0-834-g1e95ca9f62 (webtiles) character file.

Game seed: 5131969055414906573

81889 inmateoo the Bludgeoner (level 15, -1/144 HPs)
             Began as a Gargoyle Fighter on July 12, 2022.
             Was the Champion of Okawaru.
             Slain by Rupert
             ... wielding a +1 great mace of protection
              (32 damage)
             ... on level 14 of the Dungeon.
             The game lasted 00:34:10 (30375 turns).

inmateoo the Bludgeoner (Gargoyle Fighter)         Turns: 30375, Time: 00:34:11

Health: -1/144     AC: 32    Str: 26    XL:     15   Next: 71%
Magic:  22/22      EV: 11    Int: 11    God:    Okawaru [******]
Gold:   1971       SH: 12    Dex: 13    Spells: 14/14 levels left

rFire   + + .      SeeInvis .   f - +4 eveningstar of Noon {flame, rN+ rCorr Str+3}
rCold   . . .      Faith    .   M - +0 kite shield {rF+}
rNeg    + + .      Spirit   .   e - +1 chain mail {rF+}
rPois   ∞          Reflect  .   t - +1 helmet
rElec   +          Harm     .   w - +2 cloak "Buymp" {Int+2}
rCorr   +          Rampage  .   n - +0 pair of gloves
Will    +....                   (no boots)
Stlth   ..........              s - amulet of the acrobat
HPRegen 0.34/turn               P - +4 ring of slaying
MPRegen 0.18/turn               H - ring of resist corrosion

@: berserking, flying, invisible, very quick
A: sickness immunity, AC +11, big wings, negative energy resistance 1,
electricity resistance, torment resistance 1, petrification resistance
a: Renounce Religion, Heroism, Finesse, Duel


You were on level 14 of the Dungeon.
You worshipped Okawaru.
Okawaru was exalted by your worship.
You visited 3 branches of the dungeon, and saw 22 of its levels.
You also visited: Ossuary and Volcano.

You collected 2016 gold pieces.
You spent 45 gold pieces at shops.

Inventory:

Hand Weapons
 f - the +4 eveningstar of Noon (weapon) {flame, rN+ rCorr Str+3}
   (Okawaru gifted it to you on level 13 of the Dungeon)

   It burns those it strikes, dealing additional fire damage.
   Str:       It affects your strength (+3).
   rN:        It protects you from negative energy.
   rCorr:     It protects you from acid and corrosion.
 p - the +8 dagger of a Billion Wishes {vorpal, Dex+5}
   (You found it on level 2 of the Dungeon)

   It inflicts extra damage upon your enemies.
   Dex:       It affects your dexterity (+5).
 F - a +0 demon whip of venom
Missiles
 i - 21 poisoned darts (quivered)
 C - 2 throwing nets
Armour
 e - a +1 chain mail of fire resistance (worn)
 n - a +0 pair of gloves (worn)
 r - the +1 hat of Kayxkok {*Corrode rElec rPois SInv}
   (Okawaru gifted it to you on level 14 of the Dungeon)

   rElec:     It insulates you from electricity.
   rPois:     It protects you from poison.
   SInv:      It lets you see invisible.
   *Corrode:  It may corrode you when you take damage.
 t - a +1 helmet (worn)
 w - the +2 cloak "Buymp" (worn) {Int+2}
   (Okawaru gifted it to you on level 1 of the Lair of Beasts)

   Int:       It affects your intelligence (+2).
 D - a +2 chain mail of positive energy
 M - a +0 kite shield of fire resistance (worn)
Jewellery
 b - a ring of protection from fire
 s - an amulet of the acrobat (around neck)
 u - a ring of ice
 B - a ring of see invisible
 H - a ring of resist corrosion (right hand)
 P - a +4 ring of slaying (left hand)
Wands
 c - a wand of flame (37)
Scrolls
 g - 3 scrolls of poison
 j - 2 scrolls of enchant weapon
 m - 2 scrolls of enchant armour
 o - 4 scrolls of immolation
 y - 3 scrolls of silence
 z - 2 scrolls of magic mapping
 J - a scroll of brand weapon
 O - 3 scrolls of amnesia
Potions
 a - 5 potions of resistance
 d - 4 potions of might
 h - 5 potions of magic
 l - a potion of invisibility
 q - 11 potions of curing
 x - 4 potions of haste
 E - 4 potions of cancellation
 I - a potion of ambrosia
 K - 5 potions of brilliance
 L - 4 potions of mutation
 N - a potion of berserk rage


   Skills:
 + Level 12.2 Fighting
 * Level 15.3 Maces & Flails
 + Level 12.4 Armour
 + Level 9.2 Dodging
 + Level 12.3 Shields
 + Level 9.9 Invocations


You had 14 spell levels left.
You didn't know any spells.
Your spell library contained the following spells:

 Spells                   Type           Power      Damage    Failure   Level
 Foxfire                  Conj/Fire      0%         2x1d4     97%         1
 Confusing Touch          Hex            0%         N/A       100%        3
 Conjure Flame            Conj/Fire      0%         6-21      100%        3
 Dazzling Flash           Conj/Hex       0%         N/A       100%        3
 Gell's Gravitas          Tloc           0%         N/A       100%        3
 Ignite Poison            Fire/Tmut/Pois 0%         N/A       100%        3
 Inner Flame              Hex/Fire       0%         N/A       100%        3
 Lesser Beckoning         Tloc           0%         N/A       100%        3
 Mephitic Cloud           Conj/Pois/Air  0%         N/A       100%        3
 Portal Projectile        Hex/Tloc       0%         N/A       100%        3
 Teleport Other           Tloc           0%         N/A       100%        3
 Anguish                  Hex/Necr       0%         N/A       100%        4
 Flame Wave               Conj/Fire      0%         2d4       100%        4
 Agony                    Necr           0%         N/A       100%        5
 Blade Hands              Tmut           0%         N/A       100%        5
 Freezing Cloud           Conj/Ice/Air   0%         6-21      100%        5
 Silence                  Hex/Air        0%         N/A       100%        5
 Yara's Violent Unravell  Hex/Tmut       0%         3d3       100%        5
 Dispersal                Tloc           0%         N/A       100%        6
 Eringya's Noxious Bog    Tmut/Pois      0%         N/A       100%        6
 Enfeeble                 Hex            0%         N/A       100%        7
 Storm Form               Tmut/Air       0%         N/A       100%        7
 Maxwell's Capacitive Co  Air            0%         ∞         100%        8
 Tukima's Dance           Hex            Unusable   N/A       N/A         3
 Summon Lightning Spire   Summ/Air       Unusable   N/A       N/A         4
 Summon Forest            Summ/Tloc      Unusable   N/A       N/A         5
 Malign Gateway           Summ/Tloc      Unusable   N/A       N/A         7
 Summon Hydra             Summ           Unusable   N/A       N/A         7
 Summon Horrible Things   Summ           Unusable   N/A       N/A         8

Dungeon Overview and Level Annotations

Branches:
Dungeon (15/15)            Temple (1/1) D:4            Lair (6/6) D:10
  Swamp (0/4) Lair:4        Snake (0/4) Lair:4        Slime (0/5) Lair:6
    Orc (0/2) D:10         Vaults (0/5) D:13         Depths (0/4) D:15
Ossuary (visited)         Volcano (visited)

Altars:
Ashenzari
Cheibriados
Dithmenos
Elyvilon
Fedhas
Gozag
Hepliaklqana
Kikubaaqudgha
Makhleb
Nemelex Xobeh
Okawaru
Qazlal
Ru
Sif Muna
Trog
Uskayaw
Vehumet
Wu Jian
Xom
Yredelemnul
Zin
The Shining One
Jiyva

Shops:
D:4 *:

Annotations:
D:14 Rupert
D:15 Louise
Lair:6 3 runed translucent doors, exclusion: 2 oklob plants, Luphouxo's ghost, journeyman MiBe


Innate Abilities, Weirdness & Mutations

You are immune to sickness and miasma.
Your stone body is resilient. (AC +11)
You are immune to poison.
Your large and strong wings let you fly.
You resist negative energy. (rN+)
You are resistant to electric shocks. (rElec)
You are resistant to unholy torment.
You are immune to petrification.


Message History

An ice beast comes into view.
You hit the deep elf pyromancer. You burn the deep elf pyromancer.
You kill the deep elf pyromancer!
Okawaru accepts your kill.
Your life force feels restored.
Items here: $ ) ? [.
You block the ice beast's attack.
You impale the ice beast!!
You melt the ice beast!
You kill the ice beast!
Okawaru accepts your kill.
Rupert shouts!
You hear a shout!
The white ugly thing gurgles horribly!
You hear a horrible gurgling sound!
The green ugly thing basks in the mutagenic energy from its kin and changes!
Rupert roars madly and goes into a rage!
Rupert goes berserk!
You hear two shouts!
The white ugly thing basks in the mutagenic energy from its kin and changes!
Rupert attacks as you move away!
Rupert hits you with a +1 great mace of protection!!
Rupert attacks as you move away!
Rupert hits you with a +1 great mace of protection!! x2
* * * LOW HITPOINT WARNING * * *
There is a stone staircase leading up here.
You block Rupert's attack. Rupert barely misses you.
You fly upwards.
There is a stone staircase leading down here.
You see here a +0 dire flail.
Okay, then.
Okay, then.
Unknown command.
You fade into invisibility!
Rupert hits you with a +1 great mace of protection.
* * * LOW HITPOINT WARNING * * *
A red film seems to cover your vision as you go berserk!
You feel yourself moving faster!
You feel mighty! Rupert hits you but does no damage. Rupert barely misses you.
You impale Rupert!! You burn Rupert!
Rupert is moderately wounded.
Rupert hits you with a +1 great mace of protection!!
You die...

#.# #...# #.##...##...#
#.# #...# ###.....##..#
#.# #...# ##.......##.#
##<# #...# #....#†...#.#
...# #>..# #...###...#.#
...# #...# #...# #...#.#
...# #...# #...# #...#.#
...# #...########...#
#...#.# ...#
#...).[@@..#...# #...#.#
...#######..#########...#
#...#.# ............#
#...# #...#.#
............# #...#
#...#.# ...########.#
#...# #...#.. ...# #.#
#)..# #...#.. ...# #.#
#...# #...#.. ...# #.#
#...# #...#.. ...# #.#
#...# #...#..


You could see Rupert (berserk, unable to see you).

Vanquished Creatures
  An ironbound preserver (D:13)
  Josephine (D:14)
  5 hydras
  A great orb of eyes (D:13)
  Fannar (Lair:3)
  7 two-headed ogres
  A death knight (D:14)
  4 boulder beetles
  3 centaur warriors
  5 catoblepae
  7 death yaks (Lair:6)
  5 tengu warriors
  A hell knight (Volcano)
  Nergalle (D:10)
  Amaemon (Lair:1)
  3 skeletal warriors (D:14)
  An orc knight (D:12)
  A deep elf pyromancer (D:15)
  9 ugly things
  2 orc sorcerers (D:13)
  5 manticores
  7 elephants
  A cyclops (D:13)
  2 black mambas
  9 cane toads
  A smoke demon (Volcano)
  3 torpor snails
  An orange demon (Lair:1)
  3 gargoyles
  5 rime drakes
  A rime drake (shapeshifter) (D:13)
  2 unseen horrors
  Maggie (Lair:1)
  11 komodo dragons
  An efreet (D:13)
  2 tengu conjurers
  6 polar bears
  A merfolk (shapeshifter) (D:15)
  A hornet (D:8)
  3 trolls
  A tarantella (shapeshifter) (D:15)
  14 blink frogs
  4 dream sheep (Lair:6)
  14 slime creatures
  Sigmund (D:4)
  2 centaur simulacra (D:10)
  4 shadows
  3 basilisks
  A fire elemental (Lair:2)
  9 wraiths
  7 wyverns
  67 yaks
  3 vampire mosquitoes (D:11)
  A human (shapeshifter) (D:14)
  A steam dragon (D:6)
  A warg (D:11)
  Menkaure (D:4)
  An acid dragon (D:13)
  4 swamp worms
  Duvessa (D:7)
  2 nagas (Lair:4)
  10 water moccasins
  2 hell hounds (Volcano)
  2 floating eyes (D:13)
  An ice beast (shapeshifter) (D:15)
  8 orc warriors
  5 ice beasts
  3 sky beasts
  An ogre (shapeshifter) (D:14)
  5 ogres
  12 wolves
  17 centaurs
  2 phantoms
  2 kobold brigands
  10 bullfrogs
  3 gnoll sergeants
  2 necrophages
  5 scorpions
  Dowan (D:7)
  8 killer bees
  3 electric eels
  2 howler monkeys
  2 jellies
  A gnoll bouda (D:6)
  9 hounds
  3 orc priests
  8 iguanas
  Natasha (thrice) (D:4)
  11 orc wizards
  5 hell rats (Lair:5)
  9 mummies
  13 gnolls
  6 adders
  A shadow imp (D:5)
  8 white imps
  A howler monkey simulacrum (D:10)
  An ufetubus (D:10)
  A worm (D:2)
  A dart slug (D:3)
  40 orcs
  2 ball pythons
  11 endoplasms
  3 giant cockroaches
  7 goblins
  5 hobgoblins
  9 jackals
  4 quokkas
  3 bats
  4 frilled lizards
  3 gnoll zombies (Ossuary)
  A hobgoblin zombie (Ossuary)
  22 kobolds
  A kobold zombie (Ossuary)
  3 orc zombies (Ossuary)
  10 rats
583 creatures vanquished.

Vanquished Creatures (others)
  3 orc wizards
  A gnoll (D:6)
  26 fungi
  98 plants
128 creatures vanquished.

Grand Total: 711 creatures vanquished

Notes
Turn   | Place    | Note
-------+----------+-------------------------------------------
     0 | D:1      | inmateoo the Gargoyle Fighter began the quest for the Orb.
     0 | D:1      | Reached XP level 1. HP: 14/14 MP: 1/1
    16 | D:1      | Reached XP level 2. HP: 19/19 MP: 2/2
   533 | D:1      | Reached XP level 3. HP: 20/23 MP: 3/3
   757 | D:1      | Found a faded altar of an unknown god.
  1568 | D:2      | Reached XP level 4. HP: 27/29 MP: 4/4
  1661 | D:2      | Identified the +8 dagger of a Billion Wishes {vorpal,
                  | Dex+5}
  1819 | D:2      | Reached skill level 1 in Dodging
  1852 | D:2      | Reached skill level 3 in Maces & Flails
  2720 | D:4      | Noticed a necrophage
  2734 | D:4      | Killed a necrophage
  2735 | D:4      | Reached XP level 5. HP: 33/33 MP: 5/5
  2951 | D:4      | Found Yrus's Book Boutique.
  3006 | D:5      | Entered Level 5 of the Dungeon
  3041 | D:4      | Reached XP level 6. HP: 26/38 MP: 6/6
  3049 | D:4      | Reached skill level 4 in Maces & Flails
  3193 | D:5      | Found an opulent altar of Gozag.
  3740 | D:5      | Found a shadowy altar of Dithmenos.
  3740 | D:5      | Noticed a shadow
  3743 | D:5      | Found a hazy altar of Hepliaklqana.
  3808 | D:5      | Reached XP level 7. HP: 44/44 MP: 7/7
  4136 | D:5      | Reached skill level 5 in Maces & Flails
  4146 | D:5      | Reached skill level 5 in Armour
  4146 | D:5      | Reached skill level 5 in Shields
  4609 | D:5      | Found a blossoming altar of Fedhas.
  4675 | D:5      | Reached skill level 5 in Fighting
  4683 | D:5      | Reached XP level 8. HP: 39/49 MP: 8/8
  4888 | D:5      | Noticed a two-headed ogre
  4897 | D:5      | Killed a two-headed ogre
  4898 | D:5      | Reached skill level 6 in Maces & Flails
  4898 | D:5      | Reached XP level 9. HP: 55/55 MP: 9/9
  4960 | D:5      | Reached skill level 7 in Maces & Flails
  5148 | D:4      | Noticed Menkaure
  5157 | D:4      | Killed Menkaure
  5294 | D:4      | Found a radiant altar of Vehumet.
  5331 | D:4      | Found Querodug's General Store.
  5343 | D:4      | Bought a +0 helmet for 45 gold pieces
  5367 | D:4      | Found a snail-covered altar of Cheibriados.
  5367 | D:4      | Found a shimmering altar of Xom.
  5379 | D:4      | Found a staircase to the Ecumenical Temple.
  5385 | D:4      | Noticed Natasha
  5388 | D:4      | Killed Natasha
  5403 | Temple   | Entered the Ecumenical Temple
  5512 | D:4      | Noticed Natasha
  5523 | D:4      | Killed Natasha
  5546 | D:4      | Found a glowing golden altar of the Shining One.
  5546 | D:4      | Found a glowing silver altar of Zin.
  5547 | D:4      | Found a white marble altar of Elyvilon.
  5552 | D:4      | Noticed Natasha
  5562 | D:4      | Killed Natasha
  5646 | D:4      | Noticed Sigmund
  5666 | D:4      | Killed Sigmund
  5963 | D:6      | Reached skill level 8 in Maces & Flails
  5996 | D:6      | Found a sand-covered staircase.
  6159 | Ossuary  | Entered an ossuary
  6491 | D:6      | Reached XP level 10. HP: 51/61 MP: 10/10
  7704 | D:7      | Found an iron altar of Okawaru.
  7704 | D:7      | Noticed Duvessa
  7704 | D:7      | Noticed Dowan
  7719 | D:7      | Killed Duvessa
  7723 | D:7      | Killed Dowan
  7730 | D:7      | Became a worshipper of Warmaster Okawaru
  8646 | D:8      | Reached skill level 9 in Maces & Flails
  9050 | D:9      | Reached skill level 5 in Dodging
  9206 | D:9      | Reached * piety under Okawaru
  9207 | D:9      | Reached skill level 1 in Invocations
  9691 | D:9      | You fall into a shaft and drop 2 floors!
  9696 | D:11     | Noticed a two-headed ogre
  9706 | D:10     | Entered Level 10 of the Dungeon
  9892 | D:10     | Found a sparkling altar of Nemelex Xobeh.
 10323 | D:10     | Found a staircase to the Orcish Mines.
 10539 | D:10     | Reached XP level 11. HP: 67/68 MP: 12/12
 10636 | D:10     | Reached ** piety under Okawaru
 10735 | D:10     | Found a burning altar of Makhleb.
 11325 | D:9      | Identified the +2 buckler "Qejamem" {Int-2 Dex+6}
 11327 | D:9      | Reached skill level 10 in Maces & Flails
 11765 | D:10     | Reached *** piety under Okawaru
 12861 | D:10     | HP: 3/69 [centaur simulacrum (7)]
 12979 | D:10     | Noticed Harold
 13741 | D:10     | Noticed Harold
 13741 | D:10     | Harold changed into Harold the polar bear
 13764 | D:10     | Killed Harold the polar bear
 13872 | D:10     | Found a staircase to the Lair.
 14320 | D:10     | Killed a two-headed ogre
 14320 | D:10     | Reached **** piety under Okawaru
 14749 | D:11     | Noticed a manticore
 14752 | D:11     | Noticed a purple ugly thing
 14857 | Lair:1   | Entered Level 1 of the Lair of Beasts
 15469 | Lair:1   | Noticed Nergalle
 15631 | D:10     | Killed Nergalle
 15632 | D:10     | Reached skill level 11 in Maces & Flails
 15632 | D:10     | Reached XP level 12. HP: 55/76 MP: 15/15
 15794 | Lair:1   | Reached ***** piety under Okawaru
 16066 | Lair:1   | Noticed Maggie
 16075 | Lair:1   | Killed Maggie
 16355 | Lair:1   | Noticed Amaemon
 16370 | Lair:1   | Killed Amaemon
 16370 | Lair:1   | Identified the +2 cloak "Buymp" {Int+2} (Okawaru gifted it
                  | to you on level 1 of the Lair of Beasts)
 16370 | Lair:1   | Received a gift from Okawaru
 16371 | Lair:1   | Reached skill level 5 in Invocations
 17093 | Lair:2   | Noticed a seven-headed hydra
 17108 | Lair:2   | Killed a seven-headed hydra
 17436 | Lair:2   | Identified the +7 halberd of the Thieving Gods {vorpal,
                  | +Blink Int+6 Dex+4}
 18213 | Lair:3   | Noticed a seven-headed hydra
 18222 | Lair:3   | Killed a seven-headed hydra
 18606 | Lair:3   | Reached skill level 12 in Maces & Flails
 18671 | Lair:3   | Noticed Fannar
 18691 | Lair:3   | Killed Fannar
 18862 | Lair:3   | Noticed a catoblepas
 18880 | Lair:3   | Killed a catoblepas
 18881 | Lair:3   | Reached XP level 13. HP: 57/82 MP: 17/17
 19398 | Lair:4   | Found a staircase to the Snake Pit.
 19413 | Lair:4   | Reached skill level 10 in Fighting
 19413 | Lair:4   | Reached skill level 10 in Armour
 19611 | Lair:4   | Reached skill level 10 in Shields
 19821 | Lair:4   | Received a gift from Okawaru
 20141 | Lair:4   | Found a staircase to the Swamp.
 20525 | Lair:6   | Entered Level 6 of the Lair of Beasts
 20630 | Lair:6   | Noticed Luphouxo's ghost (journeyman MiBe)
 20637 | Lair:6   | Noticed an ice dragon
 20678 | Lair:6   | Reached skill level 13 in Maces & Flails
 20715 | Lair:6   | Found a dark tunnel.
 20720 | Volcano  | Entered a volcano
 21089 | Volcano  | Identified the +2 robe of Gravity {*Corrode rPois Will+++
                  | Str-3} (Okawaru gifted it to you in a volcano)
 21089 | Volcano  | Received a gift from Okawaru
 21089 | Volcano  | Reached ****** piety under Okawaru
 21495 | Lair:6   | Gained mutation: Your large and strong wings let you fly.
                  | [Gargoyle growth]
 21495 | Lair:6   | Reached XP level 14. HP: 75/88 MP: 16/19
 21828 | Lair:6   | Found a viscous altar of Jiyva.
 21828 | Lair:6   | Found a staircase to the Slime Pits.
 21929 | Lair:6   | Found a runed translucent gate.
 21929 | Lair:6   | Found a runed translucent gate.
 21929 | Lair:6   | Found a runed translucent gate.
 23289 | Lair:5   | Found a sacrificial altar of Ru.
 23443 | Lair:5   | Reached skill level 14 in Maces & Flails
 23862 | Lair:5   | Received a gift from Okawaru
 26679 | D:13     | Found a gate to the Vaults.
 26679 | D:13     | Noticed an ironbound preserver
 26705 | D:13     | Reached XP level 15. HP: 86/96 MP: 21/21
 26751 | D:13     | HP: 2/96 [boulder beetle (40)]
 27443 | D:13     | Paralysed by a floating eye for 2 turns
 27452 | D:13     | Identified the +4 eveningstar of Noon {flame, rN+ rCorr
                  | Str+3} (Okawaru gifted it to you on level 13 of the
                  | Dungeon)
 27452 | D:13     | Received a gift from Okawaru
 27678 | D:13     | Identified the +6 mace "Cefurh Yxzugh" {drain, Drain rN++
                  | Str+5}
 28343 | D:14     | Found a hazy altar of Hepliaklqana.
 28479 | D:15     | Entered Level 15 of the Dungeon
 28650 | D:15     | Reached skill level 15 in Maces & Flails
 29317 | D:14     | Identified the +1 hat of Kayxkok {*Corrode rElec rPois
                  | SInv} (Okawaru gifted it to you on level 14 of the Dungeon)
 29317 | D:14     | Received a gift from Okawaru
 29574 | D:15     | Found a staircase to the Depths.
 29654 | D:15     | Noticed Louise
 29660 | D:15     | Noticed Rupert
 29666 | D:15     | Noticed Josephine
 30161 | D:14     | Killed Josephine
 30375 | D:14     | Slain by Rupert

Illustrated notes

Levels and vault maps discovered:
D:1:      reono_arrival_mine, layout_loops_ring, basic_ecumenical_altar,
          chequers_serial_rivers_small_b, amcnicky_mini_corridor_feature
D:2:      layout_basic, kennysheep_minor_cross
D:3:      layout_rooms, dreamdust_princess_bridge
D:4:      layout_basic, good_gods_mini_temple, vehumet_altar_wand_db,
          gammafunk_temple_overflow_wave, minmay_temple_entry_metal_lava,
          serial_shops, shop, nicolae_shop_advertising_works
          [nicolae_subvault_shop_adworks], chequers_serial_rivers_micro_b,
          lexackson_kobold_supper, uniq_sigmund, uniq_natasha, uniq_menkaure
D:5:      layout_loops_ring, nicolae_gozag_seed_capital, lemuel_round_altar,
          riverfiend_overflow_shadow_ancestor, nzn_random_ring
D:6:      layout_gridville, gup_ossuary_entry_pyramid, dk_noncrumbling_4,
          minmay_alternating_orb
D:7:      layout_basic, okawaru_trees_1, chequers_serial_rivers_micro_b,
          uniq_duvessa
D:8:      minmay_inner_zag, layout_basic
D:9:      layout_basic, grunt_ministairs_1, minmay_misc_feat_x,
          kennysheep_generic_room_10
D:10:     layout_long_grid, bloody_makhleb, mainiacjoe_overflow_small_starburst,
          david_lair_shrubbed, orc_0_dummy, serial_ice, serial_ice_c,
          serial_ice_g, serial_ice_h, serial_ice_f, serial_ice_m, serial_ice_d,
          serial_ice_a, serial_ice_l, serial_ice_o, serial_ice_n, uniq_harold
D:11:     layout_cave_pools
D:12:     layout_rooms
D:13:     hellmonk_paralyzer, layout_small_grid,
          skrybe_vaults_entry_preservation
D:14:     layout_long_grid, nrook_uturn, nicolae_hepliaklqana_hippocampus
D:15:     grunt_enter_depths_giant_problem, layout_basic,
          nicolae_qazlal_eye_of_the_storm, uniq_josephine, uniq_rupert,
          uniq_louise
Temple:   pf_slimified_temple
Lair:1:   layout_layer_cave, uniq_nergalle, uniq_maggie, uniq_amaemon
Lair:2:   layout_gridlike, nicolae_quartered_pool_impasse
Lair:3:   layout_loops_ring, worms_lemuel, uniq_fannar
Lair:4:   layout_roguey, nicolae_swamp_entry_splash_gauntlet,
          minmay_snake_entry_guardpost_medium
Lair:5:   layout_long_grid, basic_altar, grunt_megastairs_1
Lair:6:   evilmike_catoblepas_cave, layout_regular_city,
          minmay_slime_entry_oklob_open, gammafunk_ghost_icy, enter_volcano_1,
          infiniplex_staircase_pool_2

Skill      XL: |  1  2  3  4  5  6  7  8  9 10 11 12 13 14 15 |
---------------+----------------------------------------------+-----
Dodging        | 1 2 3 4 5 6 7 8 9 |  9.2
Maces & Flails | 3 4 5 6 8 9 11 12 13 14 15 | 15.3
Fighting       | 4 5 6 7 9 10 11 12 | 12.2
Armour         | 4 5 6 7 8 9 10 11 12 | 12.4
Shields        | 4 5 7 8 9 10 11 12 | 12.3
Invocations    | 2 4 6 7 9 |  9.9

Action                   |  1- 3 |  4- 6 |  7- 9 | 10-12 | 13-15 || total
-------------------------+-------+-------+-------+-------+-------++-------
Melee: Flail             |   104 |     6 |       |    50 |       ||   160
       Dagger            |       |   140 |   293 |   857 |       ||  1290
       Demon whip        |       |       |       |   220 |  1050 ||  1270
       Eveningstar       |       |       |       |       |   183 ||   183
Invok: Heroism           |       |       |       |     2 |     1 ||     3
       Finesse           |       |       |       |       |     1 ||     1
Evoke: Wand              |       |       |    14 |    58 |    16 ||    88
  Use: Scroll            |       |     5 |     2 |    28 |    15 ||    50
       Potion            |       |       |       |     3 |    11 ||    14
 Stab: Petrified         |       |       |       |       |     5 ||     5
Armor: Scale mail        |    44 |    25 |       |       |       ||    69
       Chain mail        |       |    66 |   122 |   722 |   577 ||  1487
Dodge: Dodged            |    41 |    58 |    80 |   400 |   477 ||  1056
Block: Buckler           |    20 |    29 |    24 |       |       ||    73
       Kite shield       |       |       |   136 |   880 |   672 ||  1688

Table legend: (Time is in decaauts)
 A = Elapsed time spent in this place.
 B = Non-inter-level travel time spent in this place.
 C = Inter-level travel time spent in this place.
 D = Time resting spent in this place.
 E = Time spent auto-exploring this place.
 F = Levels seen in this place.
 G = Mean time per level.
                   A        B        C        D        E       F      G
               +--------+--------+--------+--------+--------+-----+--------+
         Total |  30123 |  29236 |    887 |  11809 |  11040 |  24 | 1255.1 |
       Dungeon |  20313 |  19760 |    553 |   8301 |   6967 |  15 | 1354.2 |
        Temple |    103 |     85 |     18 |      0 |     78 |   1 |  103.0 |
          Lair |   8726 |   8411 |    315 |   3046 |   3907 |   6 | 1454.3 |
       Ossuary |    302 |    302 |      0 |     71 |      0 |   1 |  302.0 |
       Volcano |    677 |    677 |      0 |    391 |     87 |   1 |  677.0 |
               +--------+--------+--------+--------+--------+-----+--------+

Top non-repeatable levels by time:
    D:10: 4706 daAuts
  Lair:6: 2497 daAuts
     D:5: 2198 daAuts
    D:14: 2118 daAuts
  Lair:1: 1732 daAuts
     D:9: 1539 daAuts
    D:13: 1336 daAuts
  Lair:2: 1273 daAuts
     D:6: 1258 daAuts
  Lair:3: 1166 daAuts
  Lair:5: 1138 daAuts
     D:1: 1092 daAuts
     D:2: 1052 daAuts
  Lair:4: 920 daAuts
    D:11: 844 daAuts
